 Dungeon Sprint DCSS version 0.31.0-1-g2c135a0 (webtiles) character file.

Game seed: 14172994778237194765

1148 PurpleRed the Severer (level 8, -4/129 HPs)
             Began as a Minotaur Berserker on Mar 8, 2024.
             Was a Priest of Trog.
             Slain by a boulder beetle (19 damage)
             ... in the Dungeon (Sprint II: "The Violet Keep of Menkaure").
             The game lasted 00:02:42 (313 turns).

PurpleRed the Severer (Minotaur Berserker)           Turns: 313, Time: 00:02:42

Health: -4/129     AC:  2    Str: 25    XL:     8   Next: 15%
Magic:  7/7        EV: 12    Int:  4    God:    Trog [***...]
Gold:   346        SH:  0    Dex:  9    Spells: 7/7 levels left

rFire   . . .        i - +4 broad axe (vamp)
rCold   . . .        (no shield)
rNeg    . . .        b - +0 animal skin
rPois   .            (helmet restricted)
rElec   .            (no cloak)
rCorr   .            (no gloves)
SInv    .            (no boots)
Will    .....        (no amulet) Stlth
                     (no ring)
HPRegen 0.41/turn    (no ring)
MPRegen 0.10/turn

%: no teleportation
@: berserking, very quick
A: horns 2, retaliatory headbutt
a: Renounce Religion, Berserk, Trog's Hand


You were in the Dungeon.
You worshipped Trog.
Trog was most pleased with you.
You visited 1 branch You collected 486 gold pieces.
You spent 140 gold pieces at shops.

Inventory:

Hand Weapons
 a - a +0 hand axe
 i - a +4 vampiric broad axe (weapon)
Armour
 b - a +0 animal skin (worn)
Scrolls
 h - a scroll of blinking
Potions
 c - a potion of curing
 d - a potion of heal wounds
 e - a potion of haste
 f - 2 potions of magic
 g - a potion of berserk rage


   Skills:
 + Level 13.0 Fighting
 * Level 17.3 Axes
 - Level 2.4 Armour
 - Level 2.1 Dodging


You had 7 spell levels left.
You didn't know any spells.
Your spell library was empty.

Dungeon Overview and Level Annotations

Branches:
Dungeon (1/1)

Altars:

Shops:
D :[!([[:?((==(=!

Annotations:
D exclusion: oklob plant


Innate Abilities, Weirdness & Mutations

You have a pair of horns on your head.
You reflexively headbutt those who attack you in melee.


Message History

You slash the boulder beetle!
You feel better.
You hit the boulder beetle but do no damage.
The boulder beetle is heavily wounded.
You hit the boulder beetle.
You feel better. The boulder beetle bites you!
The boulder beetle barely misses you. You furiously retaliate!
You headbutt the boulder beetle! You slash the boulder beetle!
You feel better.
The boulder beetle is heavily wounded.
You completely miss the boulder beetle.
You hit the boulder beetle but do no damage.
Your headbutt misses the boulder beetle.
The boulder beetle is heavily wounded.
You barely miss the boulder beetle. The boulder beetle bites you! x2
You slash the boulder beetle!
The boulder beetle is severely wounded.
You hit the boulder beetle but do no damage.
The boulder beetle barely misses you. The boulder beetle bites you!
You slash the boulder beetle!
You feel better.
You headbutt the boulder beetle, but do no damage.
The boulder beetle is almost dead.
You hit the boulder beetle but do no damage.
You barely miss the boulder beetle.
The boulder beetle is almost dead.
You barely miss the boulder beetle. The boulder beetle bites you!
* * * LOW HITPOINT WARNING * * *
The boulder beetle bites you!!
* * * LOW HITPOINT WARNING * * *
You slash the boulder beetle!
You kill the boulder beetle!
Trog accepts your kill.
You hit the boulder beetle but do no damage.
Your Fighting skill gained 2 levels and is now at level 13!
Your Axes skill gained 2 levels and is now at level 17!
You have reached level 8!
You feel stronger.
You slash the boulder beetle!
You feel better.
You headbutt the boulder beetle, but do no damage.
The boulder beetle is severely wounded.
The boulder beetle bites you!!
You die...

###########~~#++
##########~~~...
#.....∩.∩#~~~~.#
#....∩.∩.#~~~~#
#...∩.∩..#~~~~#
#..∩.∩...#~~### ###
#.⌠.∩....#~##.###+###.#
#..∩.∩...#~#...##÷##..##
#...∩.∩..'~'.##'@<†'##.+
#......∩.#~#...##B##..##
▓▓▓▓▓▓▓###~##.###'###.#
#[GG######~~### .#. ###
#[lG#Z ##~~~#.. ..
#∩Pl+. +#~##. $##
#%$.#)# ~§## ## #[.. ##
§§


You could see a boulder beetle.

Vanquished Creatures
  A boulder beetle (D)
  A crocodile (D)
  4 necrophages (D)
  4 scorpions (D)
10 creatures vanquished.

Vanquished Creatures (others)
  A crocodile (D)
1 creature vanquished.

Grand Total: 11 creatures vanquished

Notes
Turn   | Place    | Note
-------+----------+-------------------------------------------
     0 | D        | PurpleRed the Minotaur Berserker began the quest for the
                  | Orb.
     0 | D        | Reached XP level 1. HP: 19/19 MP: 0/0
     1 | D        | Noticed a necrophage
     1 | D        | Noticed a necrophage
     1 | D        | Noticed a necrophage
     1 | D        | Noticed a necrophage
     9 | D        | Killed a necrophage
    10 | D        | Reached skill level 8 in Axes
    10 | D        | Reached XP level 2. HP: 16/31 MP: 1/1
    10 | D        | Reached XP level 3. HP: 20/38 MP: 2/2
    10 | D        | Killed a necrophage
    11 | D        | Reached skill level 10 in Axes
    11 | D        | Reached XP level 4. HP: 23/47 MP: 3/3
    17 | D        | Killed a necrophage
    17 | D        | Reached ** piety under Trog
    17 | D        | Killed a necrophage
    18 | D        | Reached skill level 12 in Axes
    18 | D        | Reached XP level 5. HP: 22/57 MP: 4/4
   153 | D        | Found Athrohacw's Jewellery Emporium.
   153 | D        | Found Ugol's Antique Weapon Emporium.
   153 | D        | Found Haidoa's Magic Scroll Shoppe.
   153 | D        | Found Ninuschuc's Jewellery Shoppe.
   153 | D        | Found Ydit's Book Emporium.
   154 | D        | Found Wanecics's Antique Armour Shoppe.
   154 | D        | Found Cable's Weapon Emporium.
   154 | D        | Found Carapn's Antique Weapon Shoppe.
   154 | D        | Found Wooshrum's Distillery.
   154 | D        | Found Migu's Antique Weapon Emporium.
   155 | D        | Found Pynosoe's Distillery.
   155 | D        | Found Boruph's Antique Armour Emporium.
   155 | D        | Noticed a shining eye
   156 | D        | Found Cuen's Jewellery Shoppe.
   156 | D        | Found Onlebept's Antique Armour Emporium.
   156 | D        | Noticed a shining eye
   157 | D        | Noticed a crocodile
   157 | D        | Noticed a shining eye
   157 | D        | Noticed an oklob plant
   158 | D        | Found Geuhac's Book Shoppe.
   161 | D        | Noticed a crocodile
   161 | D        | Noticed a crocodile
   161 | D        | Noticed a crocodile
   175 | D        | Bought a glowing broad axe for 140 gold pieces
   190 | D        | Killed a crocodile
   191 | D        | Reached skill level 10 in Fighting
   191 | D        | Reached skill level 13 in Axes
   191 | D        | Reached XP level 6. HP: 66/66 MP: 5/5
   263 | D        | Reached *** piety under Trog
   264 | D        | Reached skill level 14 in Axes
   265 | D        | Reached skill level 15 in Axes
   265 | D        | Reached XP level 7. HP: 74/74 MP: 6/6
   299 | D        | Noticed a boulder beetle
   299 | D        | Noticed a boulder beetle
   312 | D        | Killed a boulder beetle
   313 | D        | Reached skill level 17 in Axes
   313 | D        | Reached XP level 8. HP: 9/86 MP: 7/7
   313 | D        | Slain by a boulder beetle

Illustrated notes

Levels and vault maps discovered:
D:        the_violet_keep_of_menkaure [sprint2_stairs_cluster_1,
          sprint2_shoproom, sprint2_temple, sprint2_basic_supplies,
          sprint2_obstacle_6, sprint2_obstacle_2, sprint2_obstacle_5,
          sprint2_obstacle_7, sprint2_obstacle_4, sprint2_timed_cluster_1,
          sprint2_smallroom_cluster_1, sprint2_smallroom_final_cluster_1,
          sprint2_transparent_cluster_1, sprint2_second_timed_cluster_1,
          sprint2_sniper_area_1, sprint2_heavy_combat_area_1,
          sprint2_mutation_trap_area_1, sprint2_forest_area_1,
          sprint2_light_combat_area_1, sprint2_behind_water_1,
          sprint2_near_end_vault_1]

Skill      XL: |  1  2  3  4  5  6  7 |
---------------+----------------------+-----
Fighting       | 6 7 9 10 11 13 | 13.0
Axes           | 8 10 12 13 15 17 | 17.3
Armour         | |  2.4
Dodging        | |  2.1

Action                     |  1- 3 |  4- 6 |  7- 9 || total
---------------------------+-------+-------+-------++-------
  Melee: Hand axe          |     7 |     7 |       ||    14
         Headbutt          |     1 |     3 |     2 ||     6
         Broad axe         |       |    12 |    11 ||    23
 Invoke: Berserk           |     1 |     2 |     1 ||     4
 Armour: Animal skin       |     6 |     5 |    10 ||    21
  Dodge: Dodged            |     1 |     5 |     3 ||     9
